 Dungeon Crawl Stone Soup version 0.27-a0-1347-gd8886f0a89 (webtiles) character file.

Game seed: 866977851355081301

1389 funkygono the Magician (level 9, -3/57 HPs)
             Began as a Djinni Fire Elementalist on June 27, 2021.
             Shot with an arrow by a centaur (9 damage)
             ... on level 5 of the Dungeon.
             The game lasted 00:11:14 (3828 turns).

funkygono the Magician (Djinni Fire Elementalist)   Turns: 3828, Time: 00:11:14

Health: -3/57      AC:  6    Str: 11    XL:     9   Next: 0%
Gold:   195        EV: 13    Int: 24    God:
                   SH:  0    Dex: 16

rFire    + + .     SeeInvis .   x - +1 falchion (flame)
rCold    . . .     Faith    .   (no shield)
rNeg     . . .     Spirit   .   h - +0 leather armour
rPois    ∞         Reflect  .   l - +1 helmet {Int+3}
rElec    .         Harm     +   e - scarf {harm}
rCorr    .         Rampage  .   c - +0 pair of gloves
Will     .....                  (boots unavailable)
Stlth    ++........             j - amulet "Bauxiv" {rC+ Regen+ Str+4 Dex-3}
HPRegen  1.19/turn              b - +6 ring of dexterity
MPRegen  0.00/turn              (no ring)

@: flying
A: sickness immunity, fire resistance 2, cold vulnerability 1, float, innate
caster, hp casting, extra vitality 1
a: no special abilities


You were on level 5 of the Dungeon.
You visited 1 branch of the dungeon, and saw 6 of its levels.

You collected 195 gold pieces.

Inventory:

Hand Weapons
 f - a +0 dagger
 u - a +0 long sword
 x - a +1 falchion of flaming (weapon)
Armour
 a - a +0 robe
 c - a +0 pair of gloves (worn)
 e - a scarf of harm (worn)
 h - a +0 leather armour (worn)
 l - a +1 helmet of intelligence (worn)
 m - a +0 kite shield
Jewellery
 b - a +6 ring of dexterity (left hand)
 j - the amulet "Bauxiv" (around neck) {rC+ Regen+ Str+4 Dex-3}
   (You acquired it on level 2 of the Dungeon)

   [amulet of regeneration]

   Str:       It affects your strength (+4).
   Dex:       It affects your dexterity (-3).
   rC:        It protects you from cold.
   Regen:     It increases your rate of health regeneration.
Wands
 o - a wand of flame (26)
 p - a wand of polymorph (5)
Scrolls
 r - a scroll of identify
Potions
 d - a potion of brilliance {unknown}
 g - a potion of berserk rage {unknown}
 i - 2 potions of mutation
 k - a potion of degeneration {unknown}
 n - a potion of haste {unknown}
 q - a potion of flight {unknown}
 s - a potion of cancellation {unknown}
 z - a potion of heal wounds {unknown}


   Skills:
 + Level 1.4 Fighting
 + Level 2.1 Long Blades
 + Level 3.0 Armour
 + Level 3.5 Dodging
 - Level 1.5 Stealth
 + Level 7.2 Spellcasting


You couldn't memorise any spells.
You knew the following spells:

 Your Spells              Type           Power      Damage    Failure   Level
a - Foxfire               Conj/Fire      100%       2x1d9     1%          1
b - Conjure Flame         Conj/Fire      43%        6-21      1%          3
c - Inner Flame           Hex/Fire       43%        N/A       1%          3
d - Sticky Flame          Conj/Fire      43%        2d6       4%          4
e - Fireball              Conj/Fire      21%        3d10      12%         5
f - Sting                 Tmut/Pois      100%       1d8       1%          1
g - Corpse Rot            Necr/Air       N/A        N/A       1%          2
h - Call Canine Familiar  Summ           43%        N/A       1%          3
i - Fulminant Prism       Conj/Hex       21%        3d13      4%          4
Your spell library was empty.

Dungeon Overview and Level Annotations

Branches:
Dungeon (6/15)
 Temple: D:4-7

Altars:
Ru


Innate Abilities, Weirdness & Mutations

You are immune to sickness and miasma.
You are immune to poison.
Your flesh is very heat resistant. (rF++)
You are vulnerable to cold. (rC-)
You float through the air rather than walking.
You learn spells naturally, not from books.
Your magical power is your life essence.
You have superior vitality. (+4 HP)


Message History

The centaur shouts!
The centaur wields a +0 shortbow.
The centaur shoots an arrow.
The arrow hits you!
Casting: Foxfire (safe; 1% risk of failure)
Confirm with . or Enter, or press ? or * to list all spells.
Aiming: Sting (safe; 1% risk of failure)
Press: ? - help, Shift-Dir - straight line, f - centaur
Aim: a centaur, wielding a +0 shortbow and quivering arrows (87% to hit)
The sting hits the centaur but does no damage.
The centaur is poisoned.
Unknown command.
You hit the centaur. You burn the centaur.
The centaur is lightly wounded.
The centaur unwields a +0 shortbow.
The centaur hits you. The centaur completely misses you.
You hit the centaur but do no damage.
The centaur is moderately wounded.
The centaur hits you.
The centaur kicks you but does no damage.
The centaur completely misses you.
The centaur kicks you but does no damage.
Unknown command.
The centaur wields a +0 shortbow.
The centaur shoots an arrow.
The arrow hits you!
The centaur shoots an arrow.
The arrow hits you.
The centaur shoots an arrow.
The arrow hits you!
* * * LOW HITPOINT WARNING * * *
Casting: Sting (safe; 1% risk of failure)
Confirm with . or Enter, or press ? or * to list all spells.
You conjure some foxfire!
* * * LOW HITPOINT WARNING * * *
The centaur shoots an arrow.
The arrow hits you.
* * * LOW HITPOINT WARNING * * *
The centaur shoots an arrow.
The arrow closely misses you.
Okay, then.
The foxfire hits the centaur.
The centaur is heavily wounded.
The foxfire hits the centaur!
The centaur is almost dead.
The centaur shoots an arrow.
The arrow hits you!
You die...

#####.#.#.## #.#
##..≈P..###.###.#
#..♣≈≈≈≈# ##.##.# #.
#≈≈†≈###.###.# #.
#...#.#.####.#
#.####.##.......#
####.#....##.#######
#....#.#####.#
#.##.§.@...#.#
#....§§###.#.#
#..8#8§# #.#.#
##.#(#.# #.#.#
#.8#8c# #.#.# #####
## #....Z# #.#..
...# #: ##..#.#
#.#######.####.
#....# #.#
##......... ####.#
#.# #..........


You could see a centaur (poisoned) and an adder skeleton.

Vanquished Creatures
  3 yaks (D:5)
  A black bear (D:5)
  A sky beast (D:5)
  3 ogres
  A necrophage (D:5)
  A water moccasin zombie (D:5)
  A water moccasin skeleton (D:5)
  A centaur zombie (D:5)
  2 orc priests
  2 hounds (D:5)
  2 orc wizards
  Robin (D:4)
  4 adders
  A gnoll (D:1)
  A white imp (D:6)
  An adder skeleton (D:4)
  A dart slug (D:2)
  12 orcs
  7 endoplasms
  5 giant cockroaches
  14 goblins
  11 hobgoblins
  4 quokkas
  4 ball pythons
  6 bats
  A frilled lizard (D:1)
  3 kobolds
  2 rats
96 creatures vanquished.

Vanquished Creatures (others)
  266 foxfires
  A plant (D:5)
267 creatures vanquished.

Grand Total: 363 creatures vanquished

Notes
Turn   | Place    | Note
-------+----------+-------------------------------------------
     0 | D:1      | funkygono the Djinni Fire Elementalist began the quest for
                  | the Orb.
     0 | D:1      | Reached XP level 1. HP: 15/15 MP: 0/0
    61 | D:1      | Reached XP level 2. HP: 15/21 MP: 0/0
   302 | D:1      | Reached skill level 3 in Spellcasting
   489 | D:1      | Reached XP level 3. HP: 24/25 MP: 0/0
   489 | D:1      | Learned a level 1 spell: Sting
  1356 | D:2      | Found a faded altar of an unknown god.
  1529 | D:2      | Reached XP level 4. HP: 27/31 MP: 0/0
  1892 | D:2      | Identified a scroll of acquirement
  1892 | D:2      | Acquired the amulet "Bauxiv" {rC+ Regen+ Str+4 Dex-3}
  2095 | D:3      | Found a sacrificial altar of Ru.
  2262 | D:3      | You are sucked into a shaft and drop 3 floors!
  2307 | D:6      | Noticed an ogre
  2319 | D:6      | Killed an ogre
  2320 | D:6      | Reached skill level 4 in Spellcasting
  2320 | D:6      | Reached XP level 5. HP: 35/35 MP: 0/0
  2320 | D:6      | Learned a level 2 spell: Corpse Rot
  2337 | D:5      | Entered Level 5 of the Dungeon
  2416 | D:4      | Noticed an ogre
  2426 | D:4      | Killed an ogre
  2427 | D:4      | Reached skill level 1 in Armour
  2427 | D:4      | Reached XP level 6. HP: 40/40 MP: 0/0
  2469 | D:4      | Noticed an ogre
  2476 | D:4      | Killed an ogre
  2477 | D:4      | Reached skill level 5 in Spellcasting
  2559 | D:4      | Noticed Robin
  2566 | D:4      | Killed Robin
  2570 | D:4      | Reached XP level 7. HP: 44/45 MP: 0/0
  2570 | D:4      | Learned a level 3 spell: Call Canine Familiar
  3414 | D:5      | Reached skill level 6 in Spellcasting
  3476 | D:5      | Reached XP level 8. HP: 39/50 MP: 0/0
  3538 | D:5      | Reached skill level 1 in Long Blades
  3671 | D:5      | Noticed a yak
  3674 | D:5      | Noticed a yak
  3676 | D:5      | Noticed a yak
  3699 | D:5      | Killed a yak
  3727 | D:5      | Killed a yak
  3728 | D:5      | Reached skill level 1 in Fighting
  3728 | D:5      | Reached skill level 7 in Spellcasting
  3741 | D:5      | Killed a yak
  3820 | D:5      | Reached XP level 9. HP: 57/57 MP: 0/0
  3820 | D:5      | Learned a level 4 spell: Fulminant Prism
  3828 | D:5      | Shot with an arrow by a centaur

Illustrated notes

Levels and vault maps discovered:
D:1:      lightli_arrival_quake, layout_loops_ring, hangedman_decor_riveting
D:2:      layout_loops_ring, basic_ecumenical_altar, roderic_serpentine_path
D:3:      layout_basic, general_overflow_altar
D:4:      layout_rooms, uniq_robin
D:5:      layout_loops_ring, minmay_misc_feat_enclosed, serial_bayou_pond_d,
          minmay_statues_item
D:6:      wander_river, layout_gridville, lemuel_tele_altar,
          minmay_temple_entry_junction_2, minmay_strange_pillars,
          lemuel_old_faithful, uniq_sigmund, uniq_blork_the_orc,
          uniq_prince_ribbit1

Skill      XL: |  1  2  3  4  5  6  7  8 |
---------------+-------------------------+-----
Spellcasting   | 3 4 5 6 7 |  7.2
Armour         | 1 2 3 |  3.0
Dodging        | 3 |  3.5
Long Blades    | 2 |  2.1
Fighting       | 1 |  1.4
Stealth        | |  1.5

Action                   |  1- 3 |  4- 6 |  7- 9 || total
-------------------------+-------+-------+-------++-------
Melee: Dagger            |     6 |       |       ||     6
       Falchion          |       |       |    24 ||    24
 Cast: Foxfire           |    41 |    66 |    51 ||   158
       Sting             |     7 |     6 |    22 ||    35
  Use: Scroll            |     1 |     1 |     8 ||    10
Armor: Leather armour    |     3 |     2 |    19 ||    24
Dodge: Dodged            |     5 |     3 |    21 ||    29
       Rpst.: Long sword |       |     1 |       ||     1
       Falchion          |       |       |     4 ||     4

Table legend: (Time is in decaauts)
 A = Elapsed time spent in this place.
 B = Non-inter-level travel time spent in this place.
 C = Inter-level travel time spent in this place.
 D = Time resting spent in this place.
 E = Time spent auto-exploring this place.
 F = Levels seen in this place.
 G = Mean time per level.
                   A        B        C        D        E       F      G
               +--------+--------+--------+--------+--------+-----+--------+
         Total |   3833 |   3739 |     94 |     43 |   3049 |   6 |  638.8 |
       Dungeon |   3833 |   3739 |     94 |     43 |   3049 |   6 |  638.8 |
               +--------+--------+--------+--------+--------+-----+--------+

Top non-repeatable levels by time:
     D:1: 969 daAuts
     D:2: 942 daAuts
     D:5: 664 daAuts
     D:3: 644 daAuts
     D:4: 538 daAuts
     D:6: 74 daAuts
